 Dungeon Crawl Stone Soup version 0.28-a0-422-gd71735cc25 (webtiles) character file.

Game seed: 18337176453022787981

101117 rogsnak the Thaumaturge (level 16, -6/111 HPs)
             Began as a Gnoll Hedge Wizard on Sept 6, 2021.
             Was a High Priest of Sif Muna.
             Mangled by a redback (20 damage)
             ... on level 3 of the Lair of Beasts on Sept 8, 2021.
             The game lasted 01:41:08 (31799 turns).

rogsnak the Thaumaturge (Gnoll Hedge Wizard)       Turns: 31799, Time: 01:41:09

Health: -6/111     AC: 11    Str: 10    XL:     16   Next: 29%
Magic:  38/38      EV: 15    Int: 19    God:    Sif Muna [*****.]
Gold:   3201       SH:  0    Dex: 13    Spells: 22/40 levels left

rFire   . . .      SeeInvis .   N - +8 trident of the Octopus King {venom, rElec rPois Will+}
rCold   . . .      Faith    +   d - +2 kite shield {reflect}
rNeg    . . .      Spirit   .   Q - +0 troll leather armour
rPois   +          Reflect  +   z - +2 hat
rElec   +          Harm     .   O - +0 cloak
rCorr   .          Rampage  .   U - +1 pair of gloves
Will    +++..                   (no boots)
Stlth   +.........              M - amulet of faith
HPRegen 1.28/turn               q - ring "Quojav" {Will+ AC+4 Slay+3}
MPRegen 0.26/turn               m - ring of magical power

@: confused, corroded, very slow
A: fangs 1, strong nose, distributed training, frail 1, low mp 1, electricity
resistance
a: Renounce Religion, Channel Magic, Forget Spell, Divine Exegesis


You were on level 3 of the Lair of Beasts.
You worshipped Sif Muna.
Sif Muna was extremely pleased with you.
You visited 5 branches of the dungeon, and saw 25 of its levels.
You also visited: Ice Cave.

You collected 3457 gold pieces.
You spent 256 gold pieces at shops.

Inventory:

Hand Weapons
 r - the +9 war axe of Qefish {venom, Contam Fragile rF++ Int+9}
   (You found it on level 5 of the Lair of Beasts)

   It poisons the flesh of those it strikes.
   Int:       It affects your intelligence (+9).
   rF:        It greatly protects you from fire.
   Contam:    It causes magical contamination when unequipped.
   Fragile:   It will be destroyed if unequipped.
 N - the +8 trident of the Octopus King (weapon) {venom, rElec rPois Will+}
   (You found it on level 6 of the Dungeon)

   It poisons the flesh of those it strikes.
   rElec:     It insulates you from electricity.
   rPois:     It protects you from poison.
   Will:      It increases your willpower.
 W - the +8 flail of the Six Gods {elec, rF+ MP+9 Str-2 Dex+2}
   (You took it off a centaur on level 8 of the Dungeon)

   It occasionally discharges a powerful burst of electricity upon striking a
   foe.
   Str:       It affects your strength (-2).
   Dex:       It affects your dexterity (+2).
   rF:        It protects you from fire.
   MP:        It affects your magic capacity (+9).
Missiles
 p - 6 atropa-tipped darts
 V - 11 curare-tipped darts
Armour
 d - a +2 kite shield of reflection (worn)
 z - a +2 hat (worn)
 A - a +0 kite shield of cold resistance
 G - +0 ice dragon scales
 O - a +0 cloak (worn)
 Q - a +0 troll leather armour (worn)
 S - +0 shadow dragon scales
 U - a +1 pair of gloves (worn)
Jewellery
 a - a ring of resist corrosion
 k - a ring of positive energy
 m - a ring of magical power (right hand)
 n - a ring of protection from cold
 q - the ring "Quojav" (left hand) {Will+ AC+4 Slay+3}
   (You found it on level 11 of the Dungeon)

   [ring of protection]

   AC:        It affects your AC (+4).
   Slay:      It affects your accuracy & damage with ranged weapons and melee
   (+3).
   Will:      It increases your willpower.
 F - an amulet of reflection
 M - an amulet of faith (around neck)
 R - a ring of flight
 X - a ring of fire
Wands
 e - a wand of iceblast (9)
 l - a wand of acid (10)
 D - a wand of flame (76)
 I - a wand of mindburst (30)
 Z - a wand of paralysis (10)
Scrolls
 c - 13 scrolls of teleportation {unknown}
 f - 3 scrolls of silence
 g - a scroll of holy word
 h - 5 scrolls of brand weapon
 v - 5 scrolls of amnesia
 w - a scroll of fear
 x - 6 scrolls of immolation
 y - 2 scrolls of enchant weapon
 B - 5 scrolls of magic mapping
 C - 9 scrolls of enchant armour {unknown}
 H - a scroll of blinking
 Y - a scroll of fog
Potions
 b - 2 potions of ambrosia
 j - 6 potions of attraction {unknown}
 s - 6 potions of lignification {unknown}
 t - 2 potions of heal wounds
 u - 2 potions of flight {unknown}
 E - 3 potions of curing
 J - a potion of haste
 K - a potion of resistance
 L - a potion of brilliance
 P - 2 potions of invisibility
 T - a potion of magic
Miscellaneous
 i - a phantom mirror
 o - a phantom mirror


   Skills:
 + Level 10.7 Fighting
 + Level 10.7 Short Blades
 + Level 10.7 Long Blades
 + Level 10.7 Axes
 + Level 10.7 Maces & Flails
 + Level 10.7 Polearms
 + Level 10.7 Staves
 + Level 10.7 Slings
 + Level 10.7 Bows
 + Level 10.7 Crossbows
 + Level 10.7 Throwing
 + Level 10.7 Armour
 + Level 11.5 Dodging
 + Level 11.4 Stealth
 + Level 10.7 Shields
 + Level 10.7 Unarmed Combat
 + Level 12.5 Spellcasting
 + Level 9.3 Conjurations
 + Level 9.1 Hexes
 + Level 9.3 Summonings
 + Level 9.1 Necromancy
 + Level 9.3 Translocations
 + Level 9.1 Transmutations
 + Level 9.1 Fire Magic
 + Level 9.1 Ice Magic
 + Level 9.1 Air Magic
 + Level 9.1 Earth Magic
 + Level 9.1 Poison Magic
 + Level 11.5 Invocations
 + Level 10.7 Evocations


You had 22 spell levels left.
You knew the following spells:

 Your Spells              Type           Power      Damage    Failure   Level
a - Magic Dart            Conj           100%       1d8       1%          1
b - Blink                 Tloc           N/A        N/A       1%          2
c - Mephitic Cloud        Conj/Pois/Air  46%        N/A       1%          3
d - Stone Arrow           Conj/Erth      94%        3d12      1%          3
e - Flame Wave            Conj/Fire      47%        3d9       2%          4
f - Borgnjor's Vile Clut  Necr/Erth      23%        N/A       9%          5

Your spell library contained the following spells:

 Spells                   Type           Power      Damage    Failure   Level
 Foxfire                  Conj/Fire      100%       2x1d9     1%          1
 Freeze                   Ice            100%       1d11      1%          1
 Sandblast                Erth           92%        2d19      1%          1
 Call Imp                 Summ           47%        N/A       1%          2
 Ensorcelled Hibernation  Hex/Ice        92%        N/A       1%          2
 Passwall                 Tmut/Erth      38%        N/A       1%          2
 Slow                     Hex            46%        N/A       1%          2
 Static Discharge         Conj/Air       47%        N/A       1%          2
 Confusing Touch          Hex            46%        N/A       1%          3
 Conjure Flame            Conj/Fire      47%        6-21      1%          3
 Dazzling Flash           Conj/Hex       94%        N/A       1%          3
 Frozen Ramparts          Ice            92%        1d11      1%          3
 Inner Flame              Hex/Fire       46%        N/A       1%          3
 Ozocubu's Armour         Ice            46%        N/A       1%          3
 Spider Form              Tmut/Pois      23%        N/A       1%          3
 Tukima's Dance           Hex            46%        N/A       1%          3
 Vampiric Draining        Necr           23%        2d9       1%          3
 Hailstorm                Conj/Ice       47%        3d11      2%          4
 Iskenderun's Mystic Bla  Conj/Tloc      47%        2d10      2%          4
 Passage of Golubria      Tloc           N/A        N/A       2%          4
 Ice Form                 Ice/Tmut       46%        N/A       3%          4
 Leda's Liquefaction      Hex/Erth       23%        N/A       3%          4
 Petrify                  Tmut/Erth      46%        N/A       3%          4
 Freezing Cloud           Conj/Ice/Air   23%        6-21      8%          5
 Irradiate                Conj/Tmut      23%        3d21      8%          5
 Lightning Bolt           Conj/Air       23%        1d39      8%          5
 Lee's Rapid Deconstruct  Erth           23%        3d14*     9%          5
 Yara's Violent Unravell  Hex/Tmut       23%        3d10      9%          5
 Conjure Ball Lightning   Conj/Air       23%        3x3d6     41%         6
 Iron Shot                Conj/Erth      23%        9d5       41%         6
 Starburst                Conj/Fire      23%        6d8       41%         6
 Ozocubu's Refrigeration  Ice            23%        4d9       94%         7
 Lehudib's Crystal Spear  Conj/Erth      23%        10d7      100%        8
 Necromutation            Tmut/Necr      23%        N/A       100%        8
 Chain Lightning          Conj/Air       23%        3d31      100%        9
 Death's Door             Necr           23%        N/A       100%        9
 Polar Vortex             Ice            23%        N/A       100%        9


Dungeon Overview and Level Annotations

Branches:
Dungeon (15/15)            Temple (1/1) D:5            Lair (6/6) D:11
 Shoals (0/4) Lair:2       Spider (1/4) Lair:3        Slime (0/5) Lair:6
    Orc (2/2) D:10            Elf (0/3) Orc:2        Vaults (0/5) D:13
 Depths (0/5) D:15          IceCv (visited)

Altars:
Ashenzari
Cheibriados
Dithmenos
Elyvilon
Fedhas
Gozag
Hepliaklqana
Kikubaaqudgha
Makhleb
Nemelex Xobeh
Okawaru
Qazlal
Ru
Sif Muna
Trog
Uskayaw
Vehumet
Wu Jian
Xom
Yredelemnul
Zin
The Shining One
Beogh
Jiyva

Shops:
D:3 *   D:8 ![   Orc:2 =[:[?

Annotations:
D:5 2 transporters, rogsnak's ghost, novice DsEE
Lair:2 3 runed translucent doors, Phlounder's ghost, journeyman DjFE


Innate Abilities, Weirdness & Mutations

You have very sharp teeth.
Your uncanny sense of smell can sniff out nearby items.
Your experience applies equally to all skills.
You are frail. (-10% HP)
Your magical capacity is low. (-10% MP)
You are resistant to electric shocks. (rElec)


Message History

There is a hole to the Spider Nest, spattered with blood here.
Unknown command.
You feel better. The redback bites you!!
The wolf spider hits you but does no damage.
The wolf spider closely misses you. The tarantella misses you.
You block the redback's attack.
The redback bites you but does no damage.
You block the wolf spider's attack. x2; The tarantella bites you!
You are confused.
Unknown command.
You're too confused to cast spells.
The redback completely misses you. The redback bites you!
* * * LOW HITPOINT WARNING * * *
You see here a redback corpse.
Unknown command.
You're too confused to cast spells.
The redback barely misses you. x2
Unknown command.
You're too confused to cast spells.
You enter the shallow water.
Moving in this stuff is going to be slow.
The redback completely misses you. The redback bites you!
* * * LOW HITPOINT WARNING * * *
The redback closely misses you.
Unknown command.
You're too confused to cast spells.
You hit the redback. You bite the redback, but do no damage.
The redback is lightly wounded.
The redback misses you. The wolf spider hits you.
* * * LOW HITPOINT WARNING * * *
The wolf spider bites you!
* * * LOW HITPOINT WARNING * * *
The tarantella splashes around in the water.
The redback barely misses you. The wolf spider closely misses you.
The wolf spider barely misses you.
You're too confused to cast spells.
You hit the wolf spider.
The wolf spider is poisoned.
The wolf spider is lightly wounded.
The redback bites you!!
You die...

# #...........# #
#...≈≈≈.≈≈≈.## ##
#..≈.≈≈.≈≈.≈P# .#
##.≈≈.≈†≈.†≈## #####
#.≈≈≈..†≈≈≈# ##..####
#.....>†...##
.......#####.≈≈≈s††≈≈≈.#
.#...........≈≈sss≈.≈≈≈##
#.#.########.≈.≈@.≈≈.≈..#
.....## #≈.≈≈≈.≈≈≈..##
.....P# ##..#≈≈P.....#
.....## #..####....###
.#....# #P.P# #.#..#
......## ##..# ###..#
.......# ##..# ##.##
....#### #P.#####..#
...## ##........#


You could see a wolf spider (very poisoned), a tarantella and 2 redbacks.

Vanquished Creatures
  Gastronok (Lair:3)
  A deep elf sorcerer (D:15)
  An orc warlord (Orc:2)
  A stone giant (D:15)
  A reaper (IceCv)
  A dire elephant (Lair:6)
  A deep elf death mage (D:15)
  Erolcha (Orc:1)
  4 vault guards (D:13)
  4 hydras
  An ogre mage (Orc:2)
  5 centaur warriors
  3 catoblepae
  6 boulder beetles
  5 two-headed ogres
  6 death yaks
  A deep troll earth mage (D:11)
  5 tengu warriors
  An orc high priest (Orc:1)
  A deep elf knight (D:15)
  Sonja (D:11)
  A deep troll (D:15)
  A wizard (D:15)
  2 lindwurms (Lair:6)
  2 orc knights
  A phantasmal warrior (D:11)
  2 deep elf archers (D:15)
  A necromancer (D:15)
  3 deep elf pyromancers
  6 wolf spiders (Lair:3)
  An oklob plant (Lair:4)
  10 orc sorcerers (Orc:2)
  A centaur zombie (D:10)
  12 ugly things
  5 cyclopes
  7 manticores
  2 elephants (Lair:6)
  A guardian serpent (shapeshifter) (D:13)
  2 ice statues (IceCv)
  A black mamba (shapeshifter) (D:15)
  A moth of wrath (Lair:3)
  2 black mambas
  3 gargoyles
  An unseen horror (D:10)
  14 cane toads
  2 torpor snails (Lair:6)
  3 rime drakes
  7 kobold demonologists
  8 komodo dragons
  5 ice devils (IceCv)
  2 efreet
  A freezing wraith (IceCv)
  A tengu conjurer (D:14)
  2 demonic crawlers (Lair:3)
  An anaconda simulacrum (IceCv)
  4 red devils (D:15)
  7 trolls
  2 hornets (Lair:3)
  A polar bear (Lair:2)
  3 jumping spiders (Lair:3)
  Prince Ribbit (Lair:2)
  A wolf spider simulacrum (D:14)
  4 blink frogs
  6 slime creatures
  3 dream sheep (Lair:6)
  14 redbacks
  A tarantella (shapeshifter) (D:13)
  2 tarantellas (Lair:3)
  4 wyverns
  24 yaks
  A dire elephant simulacrum (IceCv)
  A wraith (D:12)
  A death yak simulacrum (IceCv)
  6 basilisks
  4 vampire mosquitoes (D:14)
  3 wargs (Orc:1)
  An acid dragon (D:10)
  9 water moccasins
  Duvessa (D:6)
  A black bear (D:4)
  3 ice beasts
  2 sky beasts
  20 orc warriors
  A necrophage (D:7)
  20 wolves
  3 ogres
  19 centaurs
  11 bullfrogs
  5 kobold brigands
  3 gnoll sergeants
  5 scorpions
  2 two-headed ogre simulacra (IceCv)
  2 elephant simulacra (IceCv)
  Dowan (D:6)
  7 killer bees
  2 vampire bats (D:4)
  9 wights (D:8)
  An electric eel (Lair:5)
  A lava snake (D:8)
  2 bullfrog zombies
  4 hounds
  A jelly (D:7)
  2 gnoll shamans
  15 orc priests
  A bullfrog skeleton (D:5)
  A centaur skeleton (D:6)
  An iguana (D:5)
  34 orc wizards
  8 hell rats
  A scorpion zombie (D:5)
  A polar bear simulacrum (IceCv)
  3 spriggan simulacra (IceCv)
  2 troll simulacra (IceCv)
  A wolf simulacrum (IceCv)
  2 killer bee zombies
  A mummy (D:14)
  A howler monkey zombie (D:11)
  Robin (D:3)
  18 gnolls
  A howler monkey skeleton (D:6)
  3 naga simulacra (IceCv)
  17 adders
  5 river rats (Lair:5)
  14 white imps
  An ufetubus (IceCv)
  A worm (shapeshifter) (D:11)
  A worm (D:3)
  2 dart slugs
  63 orcs
  10 ball pythons
  2 bat skeletons (D:4)
  3 bat zombies (D:4)
  11 endoplasms
  7 giant cockroaches
  13 goblins
  6 hobgoblins
  5 quokkas
  2 bats
  7 frilled lizards
  13 kobolds
  9 rats
  A bush (D:12)
684 creatures vanquished.

Vanquished Creatures (collateral kills)
  An orc wizard (D:6)
1 creature vanquished.

Vanquished Creatures (others)
  A centaur (D:13)
  38 fungi
  87 plants
126 creatures vanquished.

Grand Total: 811 creatures vanquished

Notes
Turn   | Place    | Note
-------+----------+-------------------------------------------
     0 | D:1      | rogsnak the Gnoll Hedge Wizard began the quest for the Orb.
     0 | D:1      | Reached XP level 1. HP: 13/13 MP: 8/8
   201 | D:1      | Reached XP level 2. HP: 19/19 MP: 2/10
   304 | D:1      | Found a faded altar of an unknown god.
  1145 | D:1      | Reached XP level 3. HP: 25/25 MP: 8/11
  1464 | D:2      | Reached skill level 1 in Invocations
  2107 | D:2      | Reached skill level 1 in Fighting
  2107 | D:2      | Reached skill level 1 in Short Blades
  2107 | D:2      | Reached skill level 1 in Long Blades
  2107 | D:2      | Reached skill level 1 in Axes
  2107 | D:2      | Reached skill level 1 in Maces & Flails
  2107 | D:2      | Reached skill level 1 in Polearms
  2107 | D:2      | Reached skill level 1 in Staves
  2107 | D:2      | Reached skill level 1 in Slings
  2107 | D:2      | Reached skill level 1 in Bows
  2107 | D:2      | Reached skill level 1 in Crossbows
  2107 | D:2      | Reached skill level 1 in Throwing
  2107 | D:2      | Reached skill level 1 in Armour
  2107 | D:2      | Reached skill level 1 in Shields
  2107 | D:2      | Reached skill level 1 in Unarmed Combat
  2107 | D:2      | Reached skill level 1 in Evocations
  2107 | D:2      | Reached XP level 4. HP: 32/32 MP: 5/13
  2165 | D:2      | Learned a level 2 spell: Blink
  2169 | D:2      | Learned a level 3 spell: Mephitic Cloud
  2577 | D:2      | Reached skill level 1 in Hexes
  2577 | D:2      | Reached skill level 1 in Necromancy
  2577 | D:2      | Reached skill level 1 in Transmutations
  2577 | D:2      | Reached skill level 1 in Fire Magic
  2577 | D:2      | Reached skill level 1 in Ice Magic
  2577 | D:2      | Reached skill level 1 in Air Magic
  2577 | D:2      | Reached skill level 1 in Earth Magic
  2577 | D:2      | Reached skill level 1 in Poison Magic
  3303 | D:3      | Found Zosuis's General Store.
  3409 | D:3      | Found a sacrificial altar of Ru.
  3417 | D:3      | Became a worshipper of Ru the Awakened
  3477 | D:3      | Reached XP level 5. HP: 37/37 MP: 9/14
  4107 | D:3      | Noticed Robin
  4314 | D:3      | Killed Robin
  5062 | D:4      | Reached XP level 6. HP: 44/44 MP: 14/16
  5491 | D:4      | Noticed a black bear
  5497 | D:4      | Killed a black bear
  5498 | D:4      | Reached skill level 5 in Dodging
  5910 | D:4      | Reached XP level 7. HP: 42/50 MP: 18/18
  5965 | D:4      | Found an ancient bone altar of Kikubaaqudgha.
  6102 | D:5      | Entered Level 5 of the Dungeon
  6549 | D:5      | Reached skill level 5 in Stealth
  6695 | D:5      | Found a snail-covered altar of Cheibriados.
  6793 | D:5      | Reached XP level 8. HP: 46/57 MP: 19/19
  6941 | D:5      | Identified the +4 ring mail "Wiuthriup" {rC+}
  6941 | D:5      | Identified the +4 kite shield of Defiance {MP+9}
  6950 | D:5      | Found a transporter.
  6957 | D:5      | Found a transporter.
  7021 | D:5      | Noticed rogsnak's ghost (novice DsEE)
  7021 | D:5      | Identified the amulet "Sig Regyh" {Reflect Fragile +Blink
                  | rElec Int-3 SH+5}
  7215 | D:5      | Found a staircase to the Ecumenical Temple.
  7247 | Temple   | Entered the Ecumenical Temple
  7509 | D:5      | Identified the +2 quarterstaff of Purpose {vorpal, Dex+4
                  | Stlth+}
  8149 | D:6      | Noticed Dowan
  8166 | D:6      | Killed Dowan
  8167 | D:6      | Reached skill level 8 in Spellcasting
  8200 | D:6      | Noticed Duvessa
  8223 | D:6      | Killed Duvessa
  8580 | D:6      | Noticed a gargoyle
  8586 | D:6      | Learned a level 3 spell: Stone Arrow
  8596 | D:6      | Killed a gargoyle
  8597 | D:6      | Reached XP level 9. HP: 28/65 MP: 9/21
  8859 | D:6      | Found the +8 trident of the Octopus King {venom, rElec
                  | rPois Will+}
  9628 | D:7      | Noticed a troll
 10050 | D:7      | Noticed a kobold demonologist
 10178 | D:7      | Killed a troll
 10179 | D:7      | Reached skill level 5 in Invocations
 10411 | D:7      | Noticed a kobold demonologist
 10437 | D:7      | Killed a kobold demonologist
 10438 | D:7      | Killed a kobold demonologist
 10439 | D:7      | Reached XP level 10. HP: 73/73 MP: 11/22
 10617 | D:7      | You fall into a shaft and drop 2 floors!
 10624 | D:9      | Reached skill level 5 in Fighting
 10624 | D:9      | Reached skill level 5 in Short Blades
 10624 | D:9      | Reached skill level 5 in Long Blades
 10624 | D:9      | Reached skill level 5 in Axes
 10624 | D:9      | Reached skill level 5 in Maces & Flails
 10624 | D:9      | Reached skill level 5 in Polearms
 10624 | D:9      | Reached skill level 5 in Staves
 10624 | D:9      | Reached skill level 5 in Slings
 10624 | D:9      | Reached skill level 5 in Bows
 10624 | D:9      | Reached skill level 5 in Crossbows
 10624 | D:9      | Reached skill level 5 in Throwing
 10624 | D:9      | Reached skill level 5 in Armour
 10624 | D:9      | Reached skill level 5 in Shields
 10624 | D:9      | Reached skill level 5 in Unarmed Combat
 10624 | D:9      | Reached skill level 5 in Evocations
 10649 | D:9      | Noticed a two-headed ogre
 10663 | D:9      | Killed a two-headed ogre
 10706 | D:9      | Noticed a two-headed ogre
 10712 | D:9      | Killed a two-headed ogre
 10713 | D:9      | Reached skill level 9 in Spellcasting
 10713 | D:9      | Reached skill level 5 in Conjurations
 10713 | D:9      | Reached skill level 5 in Summonings
 10713 | D:9      | Reached skill level 5 in Translocations
 10926 | D:8      | Found Fimun's Distillery.
 11054 | D:8      | Identified the +8 flail of the Six Gods {elec, rF+ MP+9
                  | Str-2 Dex+2}
 11171 | D:8      | Reached XP level 11. HP: 81/81 MP: 24/24
 11259 | D:8      | Found Gotseg's Antique Armour Boutique.
 12851 | D:9      | Reached skill level 5 in Hexes
 12851 | D:9      | Reached skill level 5 in Necromancy
 12851 | D:9      | Reached skill level 5 in Transmutations
 12851 | D:9      | Reached skill level 5 in Fire Magic
 12851 | D:9      | Reached skill level 5 in Ice Magic
 12851 | D:9      | Reached skill level 5 in Air Magic
 12851 | D:9      | Reached skill level 5 in Earth Magic
 12851 | D:9      | Reached skill level 5 in Poison Magic
 13243 | D:9      | Found a shimmering blue altar of Sif Muna.
 13248 | D:9      | Fell from the grace of Ru
 13248 | D:9      | Became a worshipper of Sif Muna the Loreminder
 13387 | D:10     | Entered Level 10 of the Dungeon
 13553 | D:10     | Found a staircase to the Orcish Mines.
 13887 | D:10     | Found a shadowy altar of Dithmenos.
 13902 | D:10     | Found a burning altar of Makhleb.
 14072 | D:10     | Reached * piety under Sif Muna
 14547 | D:11     | Noticed a two-headed ogre
 14554 | D:11     | Killed a two-headed ogre
 14667 | D:11     | Noticed a boulder beetle
 14689 | D:11     | Killed a boulder beetle
 14754 | D:11     | Found a bloodstained altar of Trog.
 14909 | D:11     | Noticed Sonja
 14913 | D:11     | Killed Sonja
 14914 | D:11     | Reached XP level 12. HP: 89/89 MP: 25/25
 15094 | D:11     | Reached skill level 10 in Spellcasting
 15223 | D:11     | Found a staircase to the Lair.
 15303 | D:11     | Noticed a two-headed ogre
 15336 | D:11     | Killed a two-headed ogre
 15471 | D:11     | Noticed a centaur warrior
 15481 | D:11     | Killed a centaur warrior
 15481 | D:11     | Reached ** piety under Sif Muna
 15512 | D:11     | Noticed a deep troll earth mage
 15533 | D:11     | Killed a deep troll earth mage
 15610 | D:11     | Identified the ring "Quojav" {Will+ AC+4 Slay+3}
 15612 | D:11     | Identified the ring of Sapreis {Ice Str+4}
 16057 | D:12     | Noticed a four-headed hydra
 16073 | D:12     | Learned a level 4 spell: Flame Wave
 16080 | D:12     | Killed a four-headed hydra
 16240 | D:12     | Noticed a centaur warrior
 16245 | D:12     | Killed a centaur warrior
 16424 | D:12     | Noticed a boulder beetle
 16436 | D:12     | Killed a boulder beetle
 16982 | D:12     | Reached XP level 13. HP: 98/98 MP: 27/27
 17044 | D:12     | Gained mutation: Your body sometimes deteriorates upon
                  | taking damage. [potion of mutation]
 17724 | D:13     | Noticed a vault guard
 17730 | D:13     | Killed a vault guard
 17874 | D:13     | Noticed a vault guard
 17894 | D:13     | Killed a vault guard
 17894 | D:13     | Noticed a vault guard
 17945 | D:13     | Killed a vault guard
 17945 | D:13     | Reached *** piety under Sif Muna
 17954 | D:13     | Lost mutation: Your body sometimes deteriorates upon taking
                  | damage. [potion of mutation]
 17954 | D:13     | Gained mutation: Your magical capacity is low. (-10% MP)
                  | [potion of mutation]
 17954 | D:13     | Gained mutation: You are frail. (-10% HP) [potion of
                  | mutation]
 17954 | D:13     | Gained mutation: You are resistant to electric shocks.
                  | (rElec) [potion of mutation]
 17960 | D:13     | Noticed a vault guard
 17974 | D:13     | Killed a vault guard
 18017 | D:13     | HP: 4/88 [gargoyle (1)]
 18022 | D:13     | HP: 4/88 [poisoned by a green ugly thing]
 18234 | D:13     | Found a gate to the Vaults.
 18437 | D:14     | Reached skill level 11 in Spellcasting
 18551 | D:14     | Found a hide-covered altar of Uskayaw.
 19198 | D:14     | Reached **** piety under Sif Muna
 19237 | D:14     | Reached XP level 14. HP: 68/95 MP: 4/26
 19571 | D:14     | Found a snail-covered altar of Cheibriados.
 19621 | D:15     | Entered Level 15 of the Dungeon
 19627 | D:15     | Noticed a deep elf sorcerer
 19632 | D:15     | Reached skill level 10 in Dodging
 19811 | D:15     | Noticed a stone giant
 19816 | D:15     | Reached skill level 10 in Stealth
 19831 | D:15     | Killed a stone giant
 19880 | D:15     | Identified a scroll of acquirement
 19880 | D:15     | Acquired 1035 gold pieces
 19917 | D:15     | Killed a deep elf sorcerer
 19918 | D:15     | Reached skill level 10 in Invocations
 20500 | D:15     | Found a staircase to the Depths.
 21017 | Orc:1    | Entered Level 1 of the Orcish Mines
 21060 | Orc:1    | Reached ***** piety under Sif Muna
 21068 | Orc:1    | Received a gift from Sif Muna
 21071 | Orc:1    | Got Umiramp's Collected Works on Evil Feathers {god gift}
 21101 | Orc:1    | Noticed Erolcha
 21109 | Orc:1    | Killed Erolcha
 21566 | Orc:2    | Entered Level 2 of the Orcish Mines
 21566 | Orc:2    | Noticed an orc warlord
 21566 | Orc:2    | Found a staircase to the Elven Halls.
 21717 | Orc:2    | Killed an orc warlord
 21789 | Orc:2    | Found Tibaawn's Jewellery Shoppe.
 21823 | Orc:2    | Found a frozen archway.
 21840 | IceCv    | Entered an ice cave
 21905 | IceCv    | Received a gift from Sif Muna
 21906 | IceCv    | Got Sif Muna's Catalogue of Earth {god gift}
 21914 | IceCv    | Learned a level 5 spell: Borgnjor's Vile Clutch
 22896 | IceCv    | Noticed a reaper
 23034 | IceCv    | Killed a reaper
 23429 | Orc:1    | Reached XP level 15. HP: 103/103 MP: 27/27
 23608 | Orc:2    | Found Eweff's Antique Armour Shoppe.
 23678 | Orc:2    | Found a radiant altar of Vehumet.
 23832 | Orc:2    | Upgraded the game from 0.28-a0-410-gbef64dd269 to
                  | 0.28-a0-422-gd71735cc25
 24047 | Orc:2    | Found Pyzy's Book Shoppe.
 24184 | Orc:2    | Found an ancient bone altar of Kikubaaqudgha.
 24376 | Orc:2    | Found Miogad's Magic Scroll Emporium.
 24377 | Orc:2    | Found Sobap's Antique Armour Shoppe.
 24415 | Orc:2    | Bought an embroidered scarf for 256 gold pieces
 24571 | Lair:1   | Entered Level 1 of the Lair of Beasts
 24877 | Lair:1   | Identified the +8 flail of the Witching Eel {vorpal, Int+2
                  | Dex+2}
 25701 | Lair:2   | Found a runed translucent gate.
 25702 | Lair:2   | Found a runed translucent gate.
 25712 | Lair:2   | Found a runed translucent gate.
 25717 | Lair:2   | Noticed Phlounder's ghost (journeyman DjFE)
 25800 | Lair:2   | Identified the +3 short sword of Roiby {protect, Int+2}
 25844 | Lair:2   | Reached skill level 12 in Spellcasting
 26068 | Lair:2   | Found a staircase to the Shoals.
 26096 | Lair:2   | Noticed Prince Ribbit
 26429 | Lair:2   | Killed Prince Ribbit
 26432 | Lair:2   | Received a gift from Sif Muna
 26439 | Lair:2   | Reached skill level 10 in Fighting
 26439 | Lair:2   | Reached skill level 10 in Short Blades
 26439 | Lair:2   | Reached skill level 10 in Long Blades
 26439 | Lair:2   | Reached skill level 10 in Axes
 26439 | Lair:2   | Reached skill level 10 in Maces & Flails
 26439 | Lair:2   | Reached skill level 10 in Polearms
 26439 | Lair:2   | Reached skill level 10 in Staves
 26439 | Lair:2   | Reached skill level 10 in Slings
 26439 | Lair:2   | Reached skill level 10 in Bows
 26439 | Lair:2   | Reached skill level 10 in Crossbows
 26439 | Lair:2   | Reached skill level 10 in Throwing
 26439 | Lair:2   | Reached skill level 10 in Armour
 26439 | Lair:2   | Reached skill level 10 in Shields
 26439 | Lair:2   | Reached skill level 10 in Unarmed Combat
 26439 | Lair:2   | Reached skill level 10 in Evocations
 26440 | Lair:2   | Got Sif Muna's Compendium of Shifting Arcane Weapons {god
                  | gift}
 26721 | Lair:3   | Noticed Gastronok
 27273 | Lair:3   | Killed Gastronok
 27307 | Lair:3   | Found a hole to the Spider Nest.
 29040 | Lair:5   | Received a gift from Sif Muna
 29374 | Lair:5   | Identified the +9 war axe of Qefish {venom, Contam Fragile
                  | rF++ Int+9}
 29495 | Lair:6   | Entered Level 6 of the Lair of Beasts
 29495 | Lair:6   | Found a viscous altar of Jiyva.
 29495 | Lair:6   | Found a staircase to the Slime Pits.
 30504 | Lair:6   | Reached XP level 16. HP: 99/110 MP: 22/29
 31432 | Spider:1 | Entered Level 1 of the Spider Nest
 31591 | Lair:3   | Received a gift from Sif Muna
 31599 | Lair:3   | Got Ommon's Guide on Clay and Snow {god gift}
 31799 | Lair:3   | Mangled by a redback

Illustrated notes

Levels and vault maps discovered:
D:1:      minmay_arrival_jagged, layout_basic,
          hellmonk_ecumenical_altar_crossroads
D:2:      layout_basic, serial_rivers, chequers_serial_rivers_room_a,
          chequers_serial_rivers_micro_a, chequers_serial_rivers_large_a,
          chequers_serial_rivers_small_3, chequers_serial_rivers_micro_d,
          chequers_serial_rivers_small_3
D:3:      layout_loops_corners, nicolae_ru_awakened_eye, serial_shops, shop,
          uniq_robin
D:4:      layout_basic, kennysheep_vampire_church, roderic_roman_lattice,
          minmay_misc_feat_plants, minmay_quadrilaterals
D:5:      layout_rooms, old_standard_altar, temple_doors_e,
          gammafunk_ghost_gnarly_gnolls, serial_park_tiny_pond
D:6:      layout_basic, serial_corexii_hall, chequers_hall_statues_corner_a,
          chequers_hall_statues_wall_a, corexii_hall_statues_deadend,
          corexii_hall_statues_x, minmay_a_box_with_orc_wizards_in_it,
          uniq_duvessa
D:7:      layout_loops_ring
D:8:      hangedman_cross_stitches, layout_basic, serial_shops,
          nicolae_inconvenience_store, nicolae_stop_n_shop_1
D:9:      layout_roguey, lemuel_doored_altar, special_room [special_room_orc],
          grunt_decor_one_mirror
D:10:     layout_loops_corners, minitemple, minmay_orc_entry_temple_small,
          kennysheep_generic_room_12
D:11:     minmay_sliced_demisemicircle, layout_irregular_city, lair_entry_dummy,
          trog_three_pillars_becter, uniq_sonja
D:12:     layout_loops_corners, kb_lookout_dungeons_type,
          kennysheep_generic_room_9
D:13:     layout_rooms, lightli_vaults_fourway_checkpoint
D:14:     layout_rooms, nicolae_uskayaw_dance_hall, hex_intersection,
          chei_slow_surprise
D:15:     hangedman_depths_entry_civil_slaughter, layout_loops_ring,
          amcnicky_mini_pool_small, einodemon_armed_red_devil_minivault
Temple:   regret_index_temple_sphere_string
Lair:1:   layout_long_grid
Lair:2:   layout_cave_pods, elwin_shoals_entry_rocks, ebering_ghost_rock_garden,
          grunt_megastairs_5, infiniplex_staircase_pool_2, uniq_prince_ribbit2
Lair:3:   minmay_lair_venomous_thicket, layout_loops_ring, spider_nest_entry_a,
          infiniplex_staircase_pool, lemuel_fruit_tree, uniq_gastronok
Lair:4:   layout_roguey
Lair:5:   layout_gridlike, kennysheep_abandoned_house
Lair:6:   hangedman_lair_in_review, layout_gridlike, slime_altar_1, st_stairs_3,
          chequers_serial_rivers_room_a
Spider:1: layout_spider_delve, hangedman_spider_trapstep
Orc:1:    layout_diamond_mine, uniq_erolcha
Orc:2:    kennysheep_orc_mage_school, layout_caves, portal_ice_cave_entry_imps,
          minmay_shop_enchanted_jewellery

Skill      XL: |  1  2  3  4  5  6  7  8  9 10 11 12 13 14 15 16 |
---------------+-------------------------------------------------+-----
Conjurations   | 2 3 4 5 6 7 8 9 |  9.3
Summonings     | 2 3 4 5 6 7 8 9 |  9.3
Translocations | 2 3 4 5 6 7 8 9 |  9.3
Invocations    | 1 2 3 4 5 6 7 8 9 10 11 | 11.5
Fighting       | 1 2 4 5 6 7 8 9 10 | 10.7
Short Blades   | 1 2 4 5 6 7 8 9 10 | 10.7
Long Blades    | 1 2 4 5 6 7 8 9 10 | 10.7
Axes           | 1 2 4 5 6 7 8 9 10 | 10.7
Maces & Flails | 1 2 4 5 6 7 8 9 10 | 10.7
Polearms       | 1 2 4 5 6 7 8 9 10 | 10.7
Staves         | 1 2 4 5 6 7 8 9 10 | 10.7
Slings         | 1 2 4 5 6 7 8 9 10 | 10.7
Bows           | 1 2 4 5 6 7 8 9 10 | 10.7
Crossbows      | 1 2 4 5 6 7 8 9 10 | 10.7
Throwing       | 1 2 4 5 6 7 8 9 10 | 10.7
Armour         | 1 2 4 5 6 7 8 9 10 | 10.7
Shields        | 1 2 4 5 6 7 8 9 10 | 10.7
Unarmed Combat | 1 2 4 5 6 7 8 9 10 | 10.7
Evocations     | 1 2 4 5 6 7 8 9 10 | 10.7
Hexes          | 1 2 3 4 5 6 7 8 9 |  9.1
Necromancy     | 1 2 3 4 5 6 7 8 9 |  9.1
Transmutations | 1 2 3 4 5 6 7 8 9 |  9.1
Fire Magic     | 1 2 3 4 5 6 7 8 9 |  9.1
Ice Magic      | 1 2 3 4 5 6 7 8 9 |  9.1
Air Magic      | 1 2 3 4 5 6 7 8 9 |  9.1
Earth Magic    | 1 2 3 4 5 6 7 8 9 |  9.1
Poison Magic   | 1 2 3 4 5 6 7 8 9 |  9.1
Dodging        | 5 6 7 8 9 10 11 | 11.5
Stealth        | 5 6 7 8 9 10 11 | 11.4
Spellcasting   | 8 9 10 11 12 | 12.5

Action                   |  1- 3 |  4- 6 |  7- 9 | 10-12 | 13-15 | 16-18 || total
-------------------------+-------+-------+-------+-------+-------+-------++-------
Melee: Short sword       |     7 |    65 |    18 |       |       |       ||    90
       Dagger            |       |    21 |    85 |       |       |       ||   106
       Bite              |       |     2 |    12 |    18 |    59 |    13 ||   104
       Quarterstaff      |       |       |     7 |       |       |       ||     7
       Trident           |       |       |    30 |   341 |   920 |   113 ||  1404
       Punch             |       |       |       |     4 |     1 |       ||     5
       Flail             |       |       |       |    15 |     4 |       ||    19
 Cast: Magic Dart        |    78 |   133 |   109 |    14 |    11 |     7 ||   352
       Mephitic Cloud    |       |     6 |    12 |    52 |   110 |    19 ||   199
       Stone Arrow       |       |       |    36 |   113 |   203 |    20 ||   372
       Flame Wave        |       |       |       |     1 |    12 |     2 ||    15
       Borgnjor's Vile C |       |       |       |       |    36 |     3 ||    39
       Blink             |       |       |       |       |       |     1 ||     1
  Use: Scroll            |       |       |       |     8 |    13 |       ||    21
       Potion            |       |       |       |       |     5 |     3 ||     8
 Stab: Sleeping          |       |     4 |     1 |     6 |    17 |       ||    28
       Confused          |       |     2 |     4 |    29 |    70 |    11 ||   116
       Distracted        |       |       |       |     2 |     3 |       ||     5
Armor: Robe              |     1 |    20 |    18 |       |       |       ||    39
       Troll leather arm |       |       |       |    80 |   180 |    69 ||   329
Dodge: Dodged            |    14 |    62 |    71 |   183 |   295 |   144 ||   769
Block: Kite shield       |       |       |       |       |   371 |   113 ||   484
       Reflection        |       |       |       |       |    14 |       ||    14

Table legend: (Time is in decaauts)
 A = Elapsed time spent in this place.
 B = Non-inter-level travel time spent in this place.
 C = Inter-level travel time spent in this place.
 D = Time resting spent in this place.
 E = Time spent auto-exploring this place.
 F = Levels seen in this place.
 G = Mean time per level.
                   A        B        C        D        E       F      G
               +--------+--------+--------+--------+--------+-----+--------+
         Total |  31763 |  30851 |    912 |   6326 |  16389 |  26 | 1221.7 |
       Dungeon |  20943 |  20311 |    632 |   4007 |  11597 |  15 | 1396.2 |
        Temple |    151 |    151 |      0 |      0 |    129 |   1 |  151.0 |
          Lair |   7161 |   6943 |    218 |   1001 |   3964 |   6 | 1193.5 |
   Spider Nest |     27 |     27 |      0 |      0 |      0 |   1 |   27.0 |
  Orcish Mines |   2074 |   2014 |     60 |    389 |    637 |   2 | 1037.0 |
      Ice Cave |   1405 |   1405 |      0 |    928 |     61 |   1 | 1405.0 |
               +--------+--------+--------+--------+--------+-----+--------+

Top non-repeatable levels by time:
     D:2: 1983 daAuts
     D:6: 1977 daAuts
  Lair:6: 1824 daAuts
     D:8: 1753 daAuts
    D:12: 1724 daAuts
     D:4: 1628 daAuts
   IceCv: 1405 daAuts
    D:11: 1392 daAuts
   Orc:2: 1379 daAuts
  Lair:2: 1376 daAuts
    D:14: 1272 daAuts
     D:3: 1271 daAuts
     D:1: 1269 daAuts
     D:7: 1265 daAuts
     D:5: 1228 daAuts
